 Dungeon Crawl Stone Soup version 0.27.1-1-g398f81649c (webtiles) character file.

Game seed: 13254313653343184032

83 hawla the Grave Robber (level 4, -5/16 (18) HPs)
             Began as a Felid Necromancer on Sept 6, 2021.
             Killed by nerve-wracking pain
             ... invoked by an orc priest
              (6 damage)
             ... on level 4 of the Dungeon.
             The game lasted 00:11:13 (5190 turns).

hawla the Grave Robber (Felid Necromancer)          Turns: 5190, Time: 00:11:13

HP:   -5/16 (18)    AC:  1    Str: 10    XL:     4   Next: 22%
MP:   10/10         EV: 17    Int: 17    God:
Gold: 117           SH:  5    Dex: 17    Spells: 1/9 levels left
                                        Lives: 0   Deaths: 1

rFire    . . .     SeeInvis +   (weapon unavailable)
rCold    . . .     Faith    .   (shield unavailable)
rNeg     . . .     Spirit   .   (armour unavailable)
rPois    .         Reflect  +   (helmet unavailable)
rElec    .         Harm     .   (cloak unavailable)
rCorr    .         Rampage  .   (gloves unavailable)
Will     .....                  (boots unavailable)
Stlth    ++........             h - amulet of reflection
HPRegen  0.05/turn              e - +6 ring of strength
MPRegen  0.12/turn              (no ring)

@: heavily drained, quick
A: very small, claws 1, fangs 3, see invisible, speed 1, shaggy fur 1, stealthy
paws, no weapons or thrown items, no armour, multi-lived
a: no special abilities


You were on level 4 of the Dungeon.
You visited 1 branch of the dungeon, and saw 4 of its levels.

You collected 117 gold pieces.

Inventory:

Jewellery
 e - a +6 ring of strength (left paw)
 h - an amulet of reflection (around neck)
Wands
 d - a wand of flame (18) (quivered)
Scrolls
 a - a scroll of teleportation
 i - a scroll of blinking {unknown}
Potions
 b - a potion of invisibility {unknown}
 c - 5 potions of curing {unknown}


   Skills:
 + Level 2.9 Dodging
 + Level 3.0 Stealth
 + Level 0.3 Unarmed Combat
 + Level 3.4 Spellcasting
 + Level 5.5 Necromancy


You had one spell level left.
You knew the following spells:

 Your Spells              Type           Power      Damage    Failure   Level
a - Pain                  Necr           84%        1d8       1%          1
b - Vampiric Draining     Necr           10%        2d7       4%          3
c - Animate Dead          Necr           10%        N/A       17%         4

Your spell library contained the following spells:

 Spells                   Type           Power      Damage    Failure   Level
 Animate Skeleton         Necr           42%        N/A       1%          1
 Blink                    Tloc           N/A        N/A       26%         2
 Agony                    Necr           21%        N/A       43%         5
 Lesser Beckoning         Tloc           1%         N/A       45%         3
 Ozocubu's Armour         Ice            2%         N/A       45%         3
 Manifold Assault         Tloc           2%         N/A       99%         5
 Metabolic Englaciation   Hex/Ice        1%         N/A       99%         5
 Simulacrum               Ice/Necr       6%         N/A       100%        6


Dungeon Overview and Level Annotations

Branches:
Dungeon (4/15)
 Temple: D:4-7

Altars:

Annotations:
D:1 dig the monsters


Innate Abilities, Weirdness & Mutations

You have sharp claws.
You have razor-sharp teeth.
You have supernaturally acute eyesight. (SInv)
You cover ground quickly. (Speed+)
You are covered in fur. (AC +1)
Your paws help you pounce on unaware monsters.
You are incapable of wielding weapons or throwing items.
You cannot wear armour.
You gain extra lives every three experience levels.


Message History

Found a stone staircase leading down.
You start waiting.
Done waiting.
Found 18 stones.
Found 18 gold pieces.
You now have 117 gold pieces (gained 18).
Found a bronze wand.
Found a stone staircase leading up.
Found 21 bolts.
Found 24 poisoned darts and a whip.
d - a wand of flame (18)
Found a silvery potion.
A necrophage comes into view.
A necrophage is nearby!
Found a robe.
A ball python and a worm come into view.
Found a runed spear and 16 gold pieces.
Found a dagger and a scroll of noise.
You see here a silvery potion.
You see here a silvery potion.
c - 5 silvery potions (gained 1)
The ball python hisses angrily.
You closely miss the necrophage. The necrophage closely misses you.
You barely miss the necrophage. The necrophage hits you.
You feel drained.
You scratch the necrophage.
The necrophage is lightly damaged.
The necrophage barely misses you.
You scratch the necrophage.
The necrophage is moderately damaged.
The necrophage barely misses you.
You closely miss the necrophage.
The necrophage is moderately damaged.
The necrophage hits you!
* * * LOW HITPOINT WARNING * * *
You feel drained.
* * * LOW HITPOINT WARNING * * *
The orc priest shouts!
The orc priest calls down the wrath of Beogh upon you.
Pain shoots through your body!
You die...

#.#####...
#.#.###...#
#........#
#.#.##....##
#.....)..#
#.#........#
#........#
#.......####.####
#..##..###
....#...###
#....## #..# ..#
.# #..## ####..#
#..# ## ###o.#
##.# #..# #....#
#.# #.....# .(#@#
#.# ........#
###.# #.#
#.......# #..#
###.# ...[#.###
#.## ##...#
...##.# #.#
##..### #..# #
#n# #..## ....
#.# #.## #S# ##.#
#.########..####


You could see a necrophage, an orc priest and a ball python.

Vanquished Creatures
  An orc wizard (D:3)
  3 gnolls (D:2)
  3 adders (D:2)
  A worm (D:2)
  2 dart slugs
  9 orcs
  8 bats
  6 endoplasms
  2 giant cockroaches (D:2)
  5 hobgoblins
  6 kobolds
  3 quokkas (D:1)
  6 ball pythons
  2 frilled lizards
  7 goblins
  8 rats
72 creatures vanquished.

Vanquished Creatures (others)
  2 ghouls (D:1)
  A minotaur (D:1)
  A draconian (D:1)
  A gargoyle (D:1)
  2 djinn (D:1)
  2 merfolk (D:1)
  A vampire (D:1)
  A demonspawn (D:1)
  A demigod (D:1)
  A dwarf (D:1)
  A felid (D:1)
  An orc (D:1)
  15 tentacles (D:1)
30 creatures vanquished.

Grand Total: 102 creatures vanquished

Notes
Turn   | Place    | Note
-------+----------+-------------------------------------------
     0 | D:1      | hawla the Felid Necromancer began the quest for the Orb.
     0 | D:1      | Reached XP level 1. HP: 7/7 MP: 4/4
     2 | D:1      | Noticed a draconian
     2 | D:1      | Noticed a ghoul
     2 | D:1      | Noticed a demonspawn
     2 | D:1      | Noticed a djinni
     2 | D:1      | Noticed a merfolk
     2 | D:1      | Noticed a vampire
     2 | D:1      | Noticed a merfolk
     2 | D:1      | Noticed a kraken
     2 | D:1      | Noticed a dwarf
     2 | D:1      | Noticed a demigod
     2 | D:1      | Noticed a ghoul
     2 | D:1      | Noticed a gargoyle
     2 | D:1      | Noticed a djinni
     2 | D:1      | Noticed a felid
     2 | D:1      | Noticed a minotaur
     3 | D:1      | Killed a djinni
     7 | D:1      | Killed a gargoyle
     8 | D:1      | Killed a merfolk
     8 | D:1      | Killed a felid
     9 | D:1      | Killed a merfolk
    11 | D:1      | Killed a demigod
    14 | D:1      | Killed a ghoul
    19 | D:1      | Killed a ghoul
    22 | D:1      | Killed a dwarf
    23 | D:1      | Killed a vampire
    25 | D:1      | Killed a draconian
    28 | D:1      | Killed a djinni
    38 | D:1      | Killed a minotaur
    39 | D:1      | Killed a demonspawn
   382 | D:2      | Found a faded altar of an unknown god.
   391 | D:2      | Reached XP level 2. HP: 3/11 MP: 0/6
   402 | D:2      | Reached XP level 3. HP: 4/14 MP: 1/7
   677 | D:2      | Learned a level 3 spell: Vampiric Draining
  2430 | D:2      | Reached skill level 5 in Necromancy
  2430 | D:2      | Reached XP level 4. HP: 15/18 MP: 6/9
  2435 | D:2      | Learned a level 4 spell: Animate Dead
  4019 | D:3      | Reached XP level 5. HP: 15/21 MP: 5/11
  4947 | D:4      | Noticed an ogre
  4984 | D:4      | Killed from afar by an orc wizard
  4985 | D:4      | Reached XP level 4. HP: -3/18 MP: 1/10
  5156 | D:4      | Noticed a necrophage
  5190 | D:4      | Killed from afar by an orc priest

Illustrated notes

Levels and vault maps discovered:
D:1:      nicolae_arrival_kraken_aquarium_b, layout_rooms
D:2:      layout_rooms, basic_ecumenical_altar, minmay_crystal_water
D:3:      layout_basic
D:4:      layout_rooms

Skill      XL: |  1  2  3  4  5 |
---------------+----------------+-----
Necromancy     | 5 |  5.5
Spellcasting   | 3 |  3.4
Stealth        | 3 |  3.0
Dodging        | |  2.9
Unarmed Combat | |  0.3

Action                   |  1- 3 |  4- 6 || total
-------------------------+-------+-------++-------
Melee: Unarmed           |    15 |    14 ||    29
       Bite              |     1 |     1 ||     2
 Cast: Pain              |    57 |    44 ||   101
       Vampiric Draining |     5 |    12 ||    17
       Animate Dead      |       |     6 ||     6
  Use: Potion            |     1 |       ||     1
       Scroll            |       |     5 ||     5
 Stab: Sleeping          |       |     1 ||     1
Armor: Skin              |    15 |     1 ||    16
Dodge: Dodged            |    34 |    28 ||    62
Block: Other             |       |     2 ||     2
